 Dungeon Crawl Stone Soup version 0.14-a0-817-g3f7b0b1 (webtiles) character file.

224 PolkaDot the Vexing (level 4, -4/30 HPs)
             Began as a Vampire Enchanter on Nov 12, 2013.
             Slain by a gnoll
             ... wielding a +2,+0 spear
              (7 damage)
             ... on Level 2 of the Dungeon.
             The game lasted 00:04:27 (1370 turns).

PolkaDot the Vexing (Vampire Enchanter)             Turns: 1370, Time: 00:04:28

HP  -4/30        AC  3     Str 12      XL: 4   Next: 36%
MP   8/8         EV 12     Int 17      God:
Gold 131         SH  0     Dex 15      Spells:  2 memorised,  1 level left

Res.Fire  : . . .   See Invis. : +   a - +1 dagger
Res.Cold  : . . .   Warding    : .   b - +1 robe
Life Prot.: . . .   Conserve   : .   (no shield)
Res.Poison: .       Res.Corr.  : .   (no helmet)
Res.Elec. : .       Clarity    : .   (no cloak)
Sust.Abil.: . .     Spirit.Shd : .   (no gloves)
Res.Mut.  : .       Stasis     : .   (no boots)
Res.Rott. : .       Flight     : .   (no amulet)
Saprovore : . . .                    (no ring)
                                     (no ring)

@: regenerating quickly, mighty, very slightly contaminated, slightly resistant
to hostile enchantments, quite stealthy
A: fangs 3, see invisible, unbreathing
a: no special abilities


You were on level 2 of the Dungeon.
You were very full.

You visited 1 branch of the dungeon, and saw 2 of its levels.

You collected 131 gold pieces.

Inventory:

Hand weapons
 a - a +1,+1 dagger (weapon)
Missiles
 d - 12 darts (quivered)
Armour
 b - a +1 robe (worn)
Scrolls
 e - a scroll of fear {unknown}
 g - a scroll of noise {unknown}
 i - a scroll of remove curse {unknown}
 l - a scroll of amnesia {unknown}
 n - a scroll of curse armour {unknown}
 o - a scroll of identify {unknown}
Potions
 k - a potion of restore abilities
Books
 c - a book of Maledictions

   Spells                             Type                      Level
   *Corona                            Hexes                        1
   Sure Blade                         Hexes/Charms                 2
   Ensorcelled Hibernation            Hexes/Ice                    2
   *Confuse                           Hexes                        3
   Enslavement                        Hexes                        4
   Invisibility                       Hexes                        6


   Skills:
 + Level 3.0 Short Blades
 - Level 0.7 Throwing
 - Level 2.1 Dodging
 + Level 4.2 Stealth
 - Level 1.0 Spellcasting
 * Level 5.8 Hexes


You had one spell level left.
You knew the following spells:

 Your Spells              Type           Power        Failure   Level  Hunger
A - Corona                Hex            ###....      1%          1    ##.....
C - Confuse               Hex            ###.....     8%          3    ####...


Dungeon Overview and Level Annotations

Branches:
Dungeon (2/27)

Altars:


Innate Abilities, Weirdness & Mutations

Your natural rate of healing is unusually fast.
You have razor-sharp teeth.*
You have supernaturally acute eyesight.
You can survive without breathing.*


Message History

You don't have enough magic to cast that spell.
The gnoll hits you with a spear.
* * * LOW HITPOINT WARNING * * *
Things that are here:
a club a gnoll skeleton You puncture the gnoll!
The gnoll is heavily wounded.
The gnoll hits you with a spear.
* * * LOW HITPOINT WARNING * * *
Drink which item? (? for menu, Esc to quit)
You feel your dexterity returning.
It was a potion of restore abilities.
The gnoll barely misses you.
You closely miss the gnoll.
The gnoll is heavily wounded.
The gnoll barely misses you.
Drink which item? (? for menu, Esc to quit)
Magic courses through your body.
It was a potion of magic.
The gnoll hits you with a spear!
You die...

.... #...........# ....
#...........# ###.
#...........#
............####.#
###.###..... #.# #.#
#..... #.# #.# #.....
#l# #.# #.g... #g# #.#
..... #@# #.# ....
#.###### #.# # #......#
###.############......#
................[.....#
###.###......###......#
##%.........%###......#
......................#
##).................>.#


You could see a gnoll and a giant gecko.

Vanquished Creatures
  2 adders (D:2)
  3 gnolls (D:2)
  A giant mite (D:1)
  A giant gecko (D:1)
  A ball python (D:1)
  4 bats
  3 giant cockroaches
  4 hobgoblins
  3 jackals (D:1)
  2 giant newts (D:1)
  3 goblins (D:1)
  6 kobolds (D:1)
  11 rats
  A plant (D:1)
45 creatures vanquished.

Notes
Turn   | Place    | Note
--------------------------------------------------------------
     0 | D:1      | PolkaDot, the Vampire Enchanter, began the quest for the Orb.
     0 | D:1      | Reached XP level 1. HP: 13/13 MP: 4/4
   327 | D:1      | Reached XP level 2. HP: 13/19 MP: 5/5
   644 | D:1      | Reached XP level 3. HP: 20/24 MP: 6/6
   877 | D:1      | Reached skill level 5 in Hexes
   890 | D:1      | Learned a level 3 spell: Confuse
  1233 | D:2      | Reached XP level 4. HP: 22/30 MP: 1/8
  1370 | D:2      | Slain by a gnoll

Action                   |  1- 3 |  4- 6 || total
-------------------------+-------+-------++-------
Melee: Dagger            |   330 |    23 ||   353
 Cast: Confuse           |     2 |     1 ||     3
       Corona            |     1 |       ||     1
  Use: Potion            |     1 |     5 ||     6
 Stab: Sleeping          |     9 |       ||     9
